 Seeded DCSS version 0.30-a0-793-g160f7cfddd (webtiles) character file.

Game seed: 2869265305504195120 (custom seed)

25603 timneilson the Protected (level 13, -1/79 HPs)
             Began as a Gargoyle Fighter on Feb 19, 2023.
             Was a High Priest of Okawaru.
             Slain by a centaur warrior (4 damage)
             ... on level 11 of the Dungeon.
             The game lasted 00:28:03 (12332 turns).

timneilson the Protected (Gargoyle Fighter)        Turns: 12332, Time: 00:28:03

Health: -1/79      AC: 29    Str: 21    XL:     13   Next: 20%
Magic:  18/18      EV:  8    Int:  9    God:    Okawaru [*****.]
Gold:   1428       SH:  7    Dex: 13    Spells: 12/12 levels left

rFire   . . .      SeeInvis .    E - +0 double sword (vamp)
rCold   . . .      Faith    .    c - +0 buckler
rNeg    + . .      Spirit   .    D - +0 plate armour
rPois   ∞          Reflect  .    H - +0 hat {Stlth+}
rElec   +          Harm     .    G - +2 cloak {rPois}
rCorr   +          Rampage  .    p - +0 pair of gloves
Will    .....                    (no boots) Stlth
                                 (no amulet)
HPRegen 0.33/turn                e - ring of resist corrosion
MPRegen 0.16/turn                (no ring)

@: slowed, very slow
A: sickness immunity, AC +9, negative energy resistance 1, electricity
resistance, torment resistance 1, petrification resistance
a: Renounce Religion, Heroism, Finesse, Duel


You were on level 11 of the Dungeon.
You worshipped Okawaru.
Okawaru was extremely pleased with you.
You visited 2 branches of the dungeon, and saw 12 of its levels.
You also visited: Ossuary.

You collected 2260 gold pieces.
You spent 832 gold pieces at shops.

Inventory:

Hand Weapons
 a - a +2 heavy demon blade
 m - the +10 falchion of Debt {heavy, Int+4}
   (You found it on level 7 of the Dungeon)

   Int:       It affects your intelligence (+4).
 E - a +0 vampiric double sword (weapon)
 F - a +2 scimitar of flaming
Armour
 c - a +0 buckler (worn)
 p - a +0 pair of gloves (worn)
 D - a +0 plate armour (worn)
 G - a +2 cloak of poison resistance (worn)
 H - a +0 hat of stealth (worn)
Jewellery
 e - a ring of resist corrosion (left hand)
 i - a ring of fire
Wands
 q - a wand of light (6)
 s - a wand of flame (23)
Scrolls
 b - a scroll of silence
 d - 2 scrolls of amnesia
 g - 2 scrolls of fear
 k - 2 scrolls of enchant armour
 l - a scroll of poison
 n - a scroll of summoning {unknown}
 u - 2 scrolls of magic mapping
 w - 3 scrolls of enchant weapon
 B - 2 scrolls of brand weapon
Potions
 f - a potion of cancellation
 h - 8 potions of mutation
 j - 3 potions of brilliance
 o - 4 potions of flight
 r - 2 potions of ambrosia
 t - 2 potions of magic
 v - 2 potions of lignification
 x - 3 potions of invisibility
 z - 3 potions of attraction
 A - a potion of might
 C - a potion of haste
Miscellaneous
 y - a tin of tremorstones (inert)


   Skills:
 + Level 8.4 Fighting
 * Level 9.4 Long Blades
 * Level 11.5 Armour
 + Level 5.7 Dodging
 * Level 11.5 Shields
 + Level 7.2 Invocations
 + Level 6.0 Evocations


You had 12 spell levels left.
You didn't know any spells.
Your spell library contained the following spells:

 Spells                   Type           Power      Damage    Failure   Level
 Sandblast                Erth           0%         2d4       100%        1
 Passwall                 Tmut/Erth      0%         N/A       100%        2
 Stone Arrow              Conj/Erth      0%         3d7       100%        3
 Petrify                  Tmut/Erth      0%         N/A       100%        4
 Irradiate                Conj/Tmut      0%         3d11      100%        5
 Sublimation of Blood     Necr           Unusable   N/A       N/A         2

Dungeon Overview and Level Annotations

Branches:
Dungeon (11/15)            Temple (1/1) D:4            Lair (0/5) D:8
    Orc (0/2) D:11        Ossuary (visited)

Altars:
Ashenzari
Cheibriados
Dithmenos
Elyvilon
Fedhas
Gozag
Hepliaklqana
Kikubaaqudgha
Makhleb
Nemelex Xobeh
Okawaru
Qazlal
Ru
Sif Muna
Trog
Uskayaw
Vehumet
Wu Jian
Xom
Yredelemnul
Zin
The Shining One

Shops:
D:3 (((:   D:7 [(?


Innate Abilities, Weirdness & Mutations

You are immune to sickness and miasma.
Your stone body is resilient. (AC +9)
You are immune to poison.
You resist negative energy. (rN+)
You are resistant to electric shocks. (rElec)
You are resistant to unholy torment.
You are immune to petrification.


Message History

You are confused.
You feel invigorated. The efreet gestures at you.
The fireball explodes!
The fireball engulfs you but does no damage.
The fireball engulfs the efreet.
The efreet completely resists.
The efreet hits you but does no damage.
You slash the efreet!
You kill the efreet!
Okawaru accepts your kill.
The centaur warrior wields a +0 shortbow.
The centaur warrior shoots an arrow.
The arrow hits you!
The centaur warrior shoots an arrow.
The arrow hits you!
* * * LOW HITPOINT WARNING * * *
You feel less invigorated.
You feel less confused.
The centaur warrior shoots an arrow.
You block the arrow.
The centaur warrior shoots an arrow.
The arrow hits you but does no damage.
You see here a +2 scimitar of flaming.
Really walk into that cloud of flame? [Y]es or [N]o only, please.
Really walk into that cloud of flame?
Okay, then.
Unknown command.
The centaur warrior shoots an arrow.
The arrow barely misses you.
The centaur warrior shoots an arrow.
The arrow hits you but does no damage.
The centaur warrior shoots an arrow.
The arrow hits you but does no damage.
The centaur warrior shoots an arrow.
The arrow hits you!
* * * LOW HITPOINT WARNING * * *
You see here a +2 scimitar of flaming.
The centaur warrior unwields a +0 shortbow.
The centaur warrior hits you but does no damage.
The centaur warrior kicks you but does no damage.
The centaur warrior hits you but does no damage.
The centaur warrior kicks you but does no damage.
Items here: ( ))) [[[ ††.
You barely miss the centaur warrior.
The centaur warrior is moderately wounded.
The centaur warrior hits you.
You die...

########## ####........#
##################...........#
.......................#####.#
(#...................###.Q #.#
.(....##########...###..#R #.#
..###.......#....###..###☼ #.#
..#########...####..###?#c #.#
[#....>.....###)@c###).... #.#
(.#####...####.###..###?#W #O#
#.......###.#.######..###○ #.#
#.....####.#.#.#..####..#○ #.#
#..####.#.#.#.##....####○C #.#
#..##..#.#.#(#.#.#....#### #.#
#..####.#.#.#.##..#.#...####.#
#..#######.#.#.#.#.#.#....##.#
#..##..####.#)##..#.#...##.#.#


You could see a centaur warrior.

Vanquished Creatures
  Gastronok (D:10)
  Josephine (D:11)
  A boulder beetle (D:11)
  2 centaur warriors
  Erica (D:10)
  A tengu warrior (D:11)
  5 two-headed ogres
  Pikel (D:9)
  An orc knight (D:11)
  A deep elf zephyrmancer (D:6)
  An ugly thing (D:11)
  A deep elf pyromancer (D:11)
  3 cyclopes
  Joseph (D:6)
  Maurice (D:10)
  2 gargoyles (D:11)
  An unseen horror (D:11)
  Maggie (D:10)
  2 efreet (D:11)
  A freezing wraith (D:11)
  4 trolls
  2 vampires
  2 shadows (D:11)
  22 yaks
  2 wyverns
  8 wraiths
  8 vampire mosquitoes (D:10)
  3 acid dragons
  A water moccasin (D:7)
  Pargi (D:3)
  An ice beast (D:7)
  An orc warrior (D:11)
  A black bear (D:4)
  2 ogres
  4 wolves (D:8)
  3 centaurs
  2 phantoms
  4 kobold brigands
  A gnoll sergeant (D:9)
  4 bullfrogs
  3 scorpions
  A necrophage (D:5)
  27 wights
  12 killer bees
  A howler monkey (D:9)
  An electric eel (D:8)
  4 hounds
  A jelly (D:4)
  A human zombie (Ossuary)
  4 orc priests
  Natasha (thrice) (D:3)
  2 iguanas
  4 orc wizards
  3 mummies (Ossuary)
  6 adders
  8 gnolls
  3 shadow imps
  A white imp (D:5)
  An ufetubus (D:7)
  2 worms
  5 dart slugs
  33 orcs
  3 endoplasms (D:3)
  A giant cockroach (D:1)
  12 goblins
  5 hobgoblins
  5 jackals
  27 kobolds
  4 quokkas
  10 ball pythons
  4 bats
  6 frilled lizards
  2 gnoll zombies (Ossuary)
  A goblin zombie (Ossuary)
  A hobgoblin zombie (Ossuary)
  2 kobold zombies (Ossuary)
  An orc zombie (Ossuary)
  8 rats
323 creatures vanquished.

Vanquished Creatures (others)
  A plant (D:7)
1 creature vanquished.

Grand Total: 324 creatures vanquished

Notes
Turn   | Place    | Note
-------+----------+-------------------------------------------
     0 | D:1      | timneilson the Gargoyle Fighter began the quest for the
                  | Orb.
     0 | D:1      | Reached XP level 1. HP: 14/14 MP: 1/1
   140 | D:1      | Reached XP level 2. HP: 19/19 MP: 2/2
   604 | D:1      | Reached XP level 3. HP: 23/23 MP: 3/3
  1154 | D:2      | Identified a scroll of acquirement
  1154 | D:2      | Acquired 950 gold pieces
  1248 | D:2      | Identified the +6 quarterstaff "Daifyann" {elec, +Blink
                  | rPois Dex+2}
  1280 | D:2      | Reached XP level 4. HP: 25/28 MP: 4/4
  1664 | D:3      | Noticed Natasha
  1679 | D:3      | Killed Natasha
  1693 | D:3      | Found Zyidd's Antique Weapon Emporium.
  1702 | D:3      | Bought a scimitar for 104 gold pieces
  1713 | D:3      | Found Haokleeh's Weapon Shoppe.
  1787 | D:3      | Found Wuiraulo's Book Shoppe.
  1823 | D:3      | Noticed Pargi
  1832 | D:3      | Killed Pargi
  1833 | D:3      | Reached skill level 1 in Dodging
  1833 | D:3      | Reached XP level 5. HP: 30/33 MP: 5/5
  2109 | D:3      | Reached XP level 6. HP: 34/38 MP: 6/6
  2122 | D:3      | Noticed Natasha
  2134 | D:3      | Killed Natasha
  2135 | D:3      | Found Ygeghuah's Antique Weapon Boutique.
  2353 | D:3      | Noticed Natasha
  2360 | D:3      | Killed Natasha
  2676 | D:4      | Found a staircase to the Ecumenical Temple.
  2685 | Temple   | Entered the Ecumenical Temple
  2736 | Temple   | Became a worshipper of Warmaster Okawaru
  2966 | D:4      | Noticed a black bear
  2974 | D:4      | Killed a black bear
  2975 | D:4      | Reached skill level 5 in Armour
  2975 | D:4      | Reached skill level 5 in Shields
  2975 | D:4      | Reached XP level 7. HP: 27/43 MP: 7/7
  3144 | D:4      | Found a basalt altar of Yredelemnul.
  3144 | D:4      | Found an opulent altar of Gozag.
  3146 | D:4      | Found a shimmering altar of Xom.
  3501 | D:5      | Entered Level 5 of the Dungeon
  3527 | D:5      | Found a sand-covered staircase.
  3532 | Ossuary  | Entered an ossuary
  3901 | D:5      | Reached skill level 1 in Invocations
  3906 | D:5      | Reached skill level 1 in Evocations
  4147 | D:5      | Reached * piety under Okawaru
  4269 | D:5      | Reached XP level 8. HP: 34/48 MP: 9/9
  4642 | D:6      | Identified the +1 robe of the Five Beds {Dex+3}
  4819 | D:6      | You fall into a shaft and drop 3 floors!
  4876 | D:9      | Noticed a wyvern
  4886 | D:9      | Noticed Pikel
  4909 | D:9      | Reached skill level 5 in Fighting
  4914 | D:9      | Killed Pikel
  4914 | D:9      | Reached ** piety under Okawaru
  4915 | D:9      | Reached skill level 5 in Long Blades
  4915 | D:9      | Reached XP level 9. HP: 30/54 MP: 9/11
  5270 | D:8      | Found an ornate altar of the Wu Jian Council.
  5274 | D:8      | Noticed a centaur warrior
  5296 | D:8      | Killed a centaur warrior
  5617 | D:6      | Noticed a deep elf zephyrmancer
  5637 | D:6      | Killed a deep elf zephyrmancer
  5638 | D:6      | Reached XP level 10. HP: 58/60 MP: 11/13
  6420 | D:7      | Reached *** piety under Okawaru
  6691 | D:7      | Noticed Joseph
  6720 | D:6      | Killed Joseph
  6937 | D:7      | Identified the +10 falchion of Debt {heavy, Int+4}
  7031 | D:7      | Found Fipsut's Weapon Shop.
  7035 | D:7      | Found Elaex's Antique Armour Emporium.
  7194 | D:7      | Found Secyvyt's Magic Scroll Emporium.
  7202 | D:7      | Bought a scroll of acquirement for 728 gold pieces
  7202 | D:7      | Acquired 740 gold pieces
  7469 | D:8      | Found a shadowy altar of Dithmenos.
  7483 | D:8      | Found a basalt altar of Yredelemnul.
  7512 | D:8      | Reached **** piety under Okawaru
  7546 | D:8      | Reached skill level 5 in Invocations
  7549 | D:8      | Reached XP level 11. HP: 31/66 MP: 11/14
  7590 | D:8      | Found a staircase to the Lair.
  8777 | D:9      | Noticed a two-headed ogre
  8802 | D:9      | Killed a two-headed ogre
  8802 | D:9      | Received a gift from Okawaru
  8960 | D:10     | Entered Level 10 of the Dungeon
  8969 | D:10     | Noticed a +0 hand axe
  8970 | D:10     | Noticed a +0 dagger
  9034 | D:10     | Found a hide-covered altar of Uskayaw.
  9253 | D:10     | Reached ***** piety under Okawaru
  9376 | D:10     | Noticed Erica
  9387 | D:10     | Killed Erica
  9400 | D:10     | Noticed Maurice
  9402 | D:10     | Noticed Maggie
  9408 | D:10     | Killed Maggie
  9424 | D:10     | Killed Maurice
  9618 | D:10     | Received a gift from Okawaru
  9619 | D:10     | Reached skill level 10 in Armour
  9619 | D:10     | Reached skill level 10 in Shields
  9633 | D:10     | Reached skill level 5 in Evocations
  9744 | D:10     | Noticed Gastronok
  9755 | D:10     | Killed Gastronok
  9755 | D:10     | Received a gift from Okawaru
  9756 | D:10     | Reached XP level 12. HP: 35/72 MP: 16/16
 10165 | D:10     | Reached skill level 5 in Dodging
 10476 | D:11     | Noticed a centaur warrior
 10597 | D:11     | Killed a centaur warrior
 10966 | D:11     | Noticed a boulder beetle
 10966 | D:11     | Found the +6 shillelagh "Devastator" {shatter}
 10980 | D:11     | Noticed a two-headed ogre
 10995 | D:11     | Killed a two-headed ogre
 11022 | D:11     | Killed a boulder beetle
 11215 | D:11     | Noticed Josephine
 11228 | D:11     | Killed Josephine
 11418 | D:11     | Found a staircase to the Orcish Mines.
 11436 | D:11     | Noticed a two-headed ogre
 11441 | D:11     | Noticed a two-headed ogre
 11444 | D:11     | HP: 3/73 [two-headed ogre/+0 giant club (17)]
 11672 | D:11     | Killed a two-headed ogre
 11818 | D:11     | Killed a two-headed ogre
 12025 | D:11     | Noticed a two-headed ogre
 12031 | D:11     | Killed a two-headed ogre
 12084 | D:11     | Reached XP level 13. HP: 49/78 MP: 16/18
 12296 | D:11     | Received a gift from Okawaru
 12330 | D:11     | HP: 2/79 [centaur warrior/arrow (13)]
 12332 | D:11     | Slain by a centaur warrior

Illustrated notes

Levels and vault maps discovered:
D:1:      nagdon_arrival_double_spiral, layout_basic
D:2:      layout_loops_ring, serial_bayou_pond_d, minmay_pentomino_z4
D:3:      layout_loops_ring, serial_shops, shop, shop, shop,
          nicolae_diamond_shop, uniq_natasha, uniq_pargi
D:4:      layout_loops_cross, chequers_temple_overflow_statue_of_worship,
          minmay_temple_entry_drinking_statues, serial_forest,
          infiniplex_forest_clump_double, infiniplex_forest_lined_2,
          infiniplex_forest_lined_2, infiniplex_forest_fountain,
          infiniplex_forest_end_3, infiniplex_forest_clump_medium,
          infiniplex_forest_clump_medium, infiniplex_forest_lined_2,
          uniq_crazy_yiuf_cottage
D:5:      layout_rooms, enter_ossuary_5
D:6:      layout_basic, guppyfry_early_elven_hall
D:7:      layout_loops_ring, enter_bailey_3, serial_shops, shop,
          nicolae_shop_overgrown_old_shop, shop, uniq_joseph
D:8:      layout_loops_cross, nicolae_dithmenos_through_a_glass_darkly,
          erik_lair_island, hangedman_feature_mirror
D:9:      layout_small_grid, uniq_pikel
D:10:     layout_loops_ring, dancing_weapons_uskayaw, kennysheep_another_room,
          chequers_arboretum, uniq_maggie, uniq_erica, uniq_gastronok,
          uniq_maurice
D:11:     minmay_the_grid_triangle_9x9_rhombus_full
          [minmay_the_grid_triangle_9x9_sprig,
          minmay_the_grid_triangle_9x9_sparse_checkered,
          minmay_the_grid_triangle_9x9_skeleton,
          minmay_the_grid_triangle_9x9_corruption,
          minmay_the_grid_triangle_9x9_zippers_horizontal,
          minmay_the_grid_triangle_9x9_checkered,
          minmay_the_grid_triangle_9x9_limited_checkers,
          minmay_the_grid_triangle_9x9_prize_top_heavy], layout_rooms,
          orc_0_dummy, st_stairs_3, dilly_guarded_unrand_devastator,
          uniq_josephine
Temple:   minmay_crystal_spiral_temple

Skill      XL: |  1  2  3  4  5  6  7  8  9 10 11 12 13 |
---------------+----------------------------------------+-----
Long Blades    | 2 3 4 5 6 7 8 9 |  9.4
Shields        | 4 5 6 7 8 10 11 | 11.5
Armour         | 4 5 6 7 8 10 11 | 11.5
Dodging        | 1 2 3 4 5 |  5.7
Fighting       | 4 5 6 7 8 |  8.4
Invocations    | 1 3 4 5 6 7 |  7.2
Evocations     | 1 2 3 4 5 6 |  6.0

Action                     |  1- 3 |  4- 6 |  7- 9 | 10-12 | 13-15 || total
---------------------------+-------+-------+-------+-------+-------++-------
  Melee: Long sword        |   150 |    33 |       |       |       ||   183
         Scimitar          |       |   126 |   381 |   206 |       ||   713
         Falchion          |       |       |       |   377 |       ||   377
         Demon blade       |       |       |       |   175 |    22 ||   197
         Double sword      |       |       |       |       |    28 ||    28
 Invoke: Heroism           |       |       |     6 |    11 |     1 ||    18
  Evoke: Wand              |       |       |     2 |     2 |     1 ||     5
         Tin of tremorston |       |       |       |       |     2 ||     2
    Use: Scroll            |     1 |     8 |    11 |     7 |     1 ||    28
         Potion            |       |       |     7 |     9 |     1 ||    17
 Armour: Scale mail        |    63 |       |       |       |       ||    63
         Chain mail        |     8 |   124 |   212 |   295 |       ||   639
         Plate armour      |       |       |       |   241 |    51 ||   292
  Dodge: Dodged            |    85 |    56 |   138 |   324 |    22 ||   625
  Block: Buckler           |    32 |    44 |    95 |   304 |    11 ||   486

Table legend: (Time is in decaauts)
 A = Elapsed time spent in this place.
 B = Non-inter-level travel time spent in this place.
 C = Inter-level travel time spent in this place.
 D = Time resting spent in this place.
 E = Time spent auto-exploring this place.
 F = Levels seen in this place.
 G = Mean time per level.
                   A        B        C        D        E       F      G
               +--------+--------+--------+--------+--------+-----+--------+
         Total |  12697 |  12350 |    347 |    956 |   7753 |  13 |  976.7 |
       Dungeon |  12177 |  11913 |    264 |    938 |   7543 |  11 | 1107.0 |
        Temple |    208 |    125 |     83 |      0 |    103 |   1 |  208.0 |
       Ossuary |    311 |    311 |      0 |     18 |    107 |   1 |  311.0 |
               +--------+--------+--------+--------+--------+-----+--------+

Top non-repeatable levels by time:
    D:10: 1787 daAuts
    D:11: 1697 daAuts
     D:6: 1274 daAuts
     D:9: 1099 daAuts
     D:7: 1077 daAuts
     D:8: 1069 daAuts
     D:3: 998 daAuts
     D:1: 988 daAuts
     D:5: 781 daAuts
     D:4: 703 daAuts
     D:2: 700 daAuts
 Ossuary: 311 daAuts
  Temple: 208 daAuts
